 Dungeon Crawl Stone Soup version 0.29-a0-338-g1ff7896281 (webtiles) character file.

Game seed: 3208963929404657317

21310 Dauddaud the Severer (level 12, -21/156 HPs)
             Began as a Minotaur Berserker on Apr 19, 2022.
             Was an Elder of Trog.
             Killed from afar by a tengu reaver (64 damage)
             ... with a bolt of fire
             ... on level 12 of the Dungeon.
             The game lasted 00:32:42 (17450 turns).

Dauddaud the Severer (Minotaur Berserker)          Turns: 17450, Time: 00:32:42

Health: -21/156    AC: 20    Str: 34    XL:     12   Next: 53%
Magic:  0/11       EV: 10    Int:  4    God:    Trog [****..]
Gold:   1274       SH:  0    Dex:  9    Spells: 11/11 levels left

rFire   x . .      SeeInvis .   R - +0 broad axe
rCold   . . .      Faith    .   (no shield)
rNeg    . . .      Spirit   .   O - +3 plate armour
rPois   .          Reflect  .   a - +2 hat
rElec   +          Harm     .   (no cloak)
rCorr   +          Rampage  .   D - +0 pair of gloves
Will    +++++                   (no boots)
Stlth   ..........              o - amulet of the acrobat
HPRegen 1.36/turn               P - ring "Kacseypt" {rElec rC- Will+++ rCorr Str+6}
MPRegen 0.12/turn               N - ring of ice

@: berserking, lethally poisoned (-21 -> -30), strong-willed, regenerating, very
quick
A: horns 2, retaliatory headbutt
a: Renounce Religion, Berserk, Trog's Hand, Brothers in Arms


You were on level 12 of the Dungeon.
You worshipped Trog.
Trog was greatly pleased with you.
You visited 1 branch of the dungeon, and saw 12 of its levels.
You also visited: Bailey.

You collected 1329 gold pieces.
You spent 55 gold pieces at shops.

Inventory:

Hand Weapons
 t - a +0 war axe
 R - a +0 broad axe (weapon)
 S - a +3 war axe
Missiles
 x - 2 throwing nets (quivered)
Armour
 a - a +2 hat (worn)
 l - a +1 hat
 v - a +0 cloak
 D - a +0 pair of gloves (worn)
 O - a +3 plate armour (worn)
Jewellery
 o - an amulet of the acrobat (around neck)
 B - an amulet of guardian spirit
 C - a ring of magical power
 E - a ring of positive energy
 N - a ring of ice (right hand)
 P - the ring "Kacseypt" (left hand) {rElec rC- Will+++ rCorr Str+6}
   (You found it on level 12 of the Dungeon)

   [ring of strength]

   Str:       It affects your strength (+6).
   rC:        It makes you vulnerable to cold.
   rElec:     It insulates you from electricity.
   rCorr:     It protects you from acid and corrosion.
   Will:      It greatly increases your willpower.
Wands
 y - a wand of paralysis (12)
 L - a wand of flame (22)
 M - a wand of acid (2)
 Q - a wand of mindburst (7)
Scrolls
 b - a scroll of identify
 e - a scroll of vulnerability
 f - 2 scrolls of teleportation
 h - a scroll of fear
 i - 5 scrolls of fog
 k - a scroll of holy word
 p - 2 scrolls of noise
 q - 3 scrolls of enchant armour
 s - 2 scrolls of summoning
 w - a scroll of amnesia
 H - a scroll of torment
 I - 2 scrolls of immolation
 K - 3 scrolls of enchant weapon
Potions
 c - 9 potions of curing
 d - 2 potions of haste {unknown}
 g - a potion of degeneration {unknown}
 j - 2 potions of flight {unknown}
 m - 2 potions of invisibility {unknown}
 n - a potion of ambrosia {unknown}
 r - 4 potions of attraction {unknown}
 u - 4 potions of might {unknown}
 z - 4 potions of heal wounds
 A - a potion of mutation {unknown}
 F - a potion of resistance {unknown}
 G - 2 potions of magic
 J - 2 potions of lignification


   Skills:
 * Level 9.2 Fighting
 - Level 20.2 Axes
 * Level 8.9 Armour
 + Level 5.7 Dodging
 + Level 4.2 Evocations


You had 11 spell levels left.
You didn't know any spells.
Your spell library was empty.

Dungeon Overview and Level Annotations

Branches:
Dungeon (12/15)            Temple (0/1) D:6            Lair (0/6) D:11
    Orc (0/2) D:9          Bailey (visited)

Altars:
Elyvilon
Okawaru
Sif Muna
Vehumet
Xom
Beogh

Shops:
D:5 !   D:8 [   D:11 *

Portals:
Trove: D:12 (give 16 potions of curing)

Annotations:
D:12 2 transporters, Tam More's ghost, novice MiFi


Innate Abilities, Weirdness & Mutations

You have a pair of horns on your head.
You reflexively headbutt those who attack you in melee.


Message History

The mana viper bites you!
You feel your power leaking away.
The tengu reaver hits you from afar with a +3 bardiche of venom!
You are poisoned.
Your skin crawls.
You feel strong-willed.
You feel very sick.
The mana viper changes into a jumping spider!
The tengu reaver completely misses you.
A red film seems to cover your vision as you go berserk!
You feel yourself moving faster!
You feel mighty!
You feel very sick.
The jumping spider changes into a redback!
The tengu reaver hits you from afar with a +3 bardiche of venom.
You slash the redback!
The redback is moderately wounded.
You feel sick.
The tengu reaver hits you from afar with a +3 bardiche of venom!
You slice the redback!!
You kill the redback!
Trog accepts your kill.
You feel sick.
You feel sick. The tengu reaver casts a spell at you.
The bolt of fire misses you.
You barely miss the tengu reaver.
You feel sick.
You miss the tengu reaver.
You feel sick.
The tengu reaver hits you with a +3 bardiche of venom!!
You are more poisoned.
The tengu reaver pecks you but does no damage.
The tengu reaver claws you but does no damage.
You hit the tengu reaver. You headbutt the tengu reaver!
The tengu reaver is lightly wounded.
You feel very sick.
You slice the tengu reaver!!
The tengu reaver is heavily wounded.
You feel very sick.
The tengu reaver points at you and mumbles some strange words.
The bolt of fire hits you!!! The fire burns you terribly!
You die...

####### #.....#
##@Q# #.#....#
#.##..## #.# ...#
#.# .## ########
##.# =. #.......
##..####### #.######
#########.#.....#.##
#.#
#...#.#.##.#...#.#.#
###


You could see a tengu reaver.

Vanquished Creatures
  Gastronok (D:8)
  Fannar (D:11)
  4 two-headed ogres
  A centaur warrior (D:9)
  An orb spider (shapeshifter) (D:12)
  An orc knight (D:12)
  The ghost of ouz the Cutter, a novice VSBr of Wu Jian (D:7)
  Pikel (D:7)
  A manticore (D:12)
  3 cyclopes (D:12)
  Joseph (D:9)
  A gargoyle (D:11)
  A kobold demonologist (D:7)
  A komodo dragon (D:11)
  5 trolls
  2 meliai (D:12)
  Grinder (D:3)
  A hornet (D:9)
  Sigmund (D:4)
  A wraith (D:11)
  9 yaks
  2 vampires (D:10)
  4 wyverns
  6 vampire mosquitoes (D:12)
  A redback (shapeshifter) (D:12)
  Menkaure (D:7)
  5 wargs
  2 acid dragons
  A water moccasin (D:6)
  11 orc warriors
  2 black bears
  2 sky beasts
  An ice beast (D:7)
  An ogre (D:6)
  A centaur (D:8)
  2 phantoms
  6 kobold brigands
  3 gnoll sergeants
  2 bullfrogs
  4 scorpions
  A necrophage (D:3)
  7 howler monkeys
  2 jellies
  7 orc priests
  A gnoll shaman (D:8)
  3 hounds
  4 iguanas
  18 orc wizards
  Natasha (twice) (D:2)
  A mummy (D:7)
  Robin (D:3)
  7 gnolls
  8 adders
  2 shadow imps
  A white imp (D:7)
  3 ufetubi
  A worm (D:4)
  2 dart slugs (D:3)
  40 orcs
  10 endoplasms
  A giant cockroach (D:2)
  11 hobgoblins
  7 jackals
  19 kobolds
  4 quokkas
  7 ball pythons
  7 bats
  3 frilled lizards
  17 goblins
  A goblin zombie (D:7)
  A hobgoblin zombie (D:7)
  6 rats
301 creatures vanquished.

Vanquished Creatures (collateral kills)
  A deep elf pyromancer (D:9)
  An elephant (D:11)
  A hornet (D:12)
  A wyvern (D:11)
  A basilisk (D:11)
  A black bear (D:11)
  2 kobold brigands (Bailey)
  A kobold (Bailey)
9 creatures vanquished.

Vanquished Creatures (others)
  An unseen horror (shapeshifter) (D:12)
  A fungus (D:11)
2 creatures vanquished.

Grand Total: 312 creatures vanquished

Notes
Turn   | Place    | Note
-------+----------+-------------------------------------------
     0 | D:1      | Dauddaud the Minotaur Berserker began the quest for the
                  | Orb.
     0 | D:1      | Reached XP level 1. HP: 19/19 MP: 0/0
    78 | D:1      | Reached skill level 4 in Axes
   210 | D:1      | Reached XP level 2. HP: 26/26 MP: 1/1
   375 | D:1      | Found a faded altar of an unknown god.
   667 | D:1      | Reached skill level 5 in Axes
   731 | D:1      | Reached XP level 3. HP: 31/31 MP: 2/2
   771 | D:2      | Reached ** piety under Trog
  1386 | D:2      | Noticed Natasha
  1388 | D:2      | Found a shimmering altar of Xom.
  1393 | D:2      | Killed Natasha
  1394 | D:2      | Reached skill level 6 in Axes
  1394 | D:2      | Reached XP level 4. HP: 26/39 MP: 3/3
  1627 | D:2      | Noticed Natasha
  1632 | D:2      | Killed Natasha
  1936 | D:3      | Noticed a black bear
  1942 | D:3      | Killed a black bear
  1943 | D:3      | Reached skill level 7 in Axes
  1943 | D:3      | Reached XP level 5. HP: 45/45 MP: 4/4
  2155 | D:3      | Reached skill level 8 in Axes
  2155 | D:3      | Reached XP level 6. HP: 44/51 MP: 5/5
  2321 | D:3      | Noticed Robin
  2341 | D:3      | Killed Robin
  2710 | D:3      | Reached *** piety under Trog
  2786 | D:3      | Noticed Grinder
  2796 | D:3      | Paralysed by Grinder for 7 turns
  2808 | D:3      | Killed Grinder
  2809 | D:3      | Reached skill level 9 in Axes
  2809 | D:3      | Reached XP level 7. HP: 30/57 MP: 6/6
  3161 | D:4      | Reached skill level 10 in Axes
  3290 | D:4      | Noticed Sigmund
  3298 | D:4      | Killed Sigmund
  3784 | D:4      | Reached skill level 11 in Axes
  3960 | D:5      | Entered Level 5 of the Dungeon
  4235 | D:5      | Reached XP level 8. HP: 64/64 MP: 7/7
  4460 | D:5      | Found Osotteghoa's Distillery.
  4469 | D:5      | Bought a potion of heal wounds for 55 gold pieces
  4504 | D:5      | Reached skill level 12 in Axes
  5532 | D:6      | Reached skill level 13 in Axes
  5756 | D:6      | Found a staircase to the Ecumenical Temple.
  6484 | D:6      | Reached skill level 14 in Axes
  6656 | D:7      | Noticed Menkaure
  6667 | D:7      | Killed Menkaure
  6668 | D:7      | Reached XP level 9. HP: 41/70 MP: 8/8
  6779 | D:7      | Noticed a troll
  6786 | D:7      | Killed a troll
  6974 | D:7      | Noticed Pikel
  6982 | D:7      | Killed Pikel
  6983 | D:7      | Reached skill level 15 in Axes
  7193 | D:7      | Noticed a kobold demonologist
  7198 | D:7      | Reached skill level 16 in Axes
  7214 | D:7      | Killed a kobold demonologist
  7382 | D:7      | Noticed a two-headed ogre
  7391 | D:7      | Killed a two-headed ogre
  7392 | D:7      | Reached skill level 17 in Axes
  7392 | D:7      | Reached XP level 10. HP: 46/77 MP: 9/9
  7804 | D:7      | Noticed ouz's ghost (novice VSBr)
  7864 | D:7      | Found a runed translucent gate.
  7864 | D:7      | Found a runed translucent gate.
  7866 | D:7      | Found a runed translucent gate.
  8240 | D:7      | Reached **** piety under Trog
  8532 | D:7      | Killed ouz's ghost
  8556 | D:7      | Reached skill level 18 in Axes
  8886 | D:8      | Found Xorghol's Antique Armour Emporium.
  8897 | D:8      | Noticed Gastronok
  8915 | D:8      | Killed Gastronok
  9256 | D:8      | Reached skill level 19 in Axes
 10004 | D:9      | Found a staircase to the Orcish Mines.
 10058 | D:9      | Noticed Joseph
 10069 | D:9      | Killed Joseph
 10070 | D:9      | Reached XP level 11. HP: 47/82 MP: 10/10
 10503 | D:9      | Noticed a deep elf pyromancer
 10509 | D:9      | Killed a deep elf pyromancer
 10510 | D:9      | Reached skill level 20 in Axes
 10516 | D:9      | Found a white marble altar of Elyvilon.
 10653 | D:9      | Noticed a centaur warrior
 10656 | D:9      | Found a radiant altar of Vehumet.
 11380 | D:9      | Killed a centaur warrior
 11381 | D:9      | Reached skill level 1 in Evocations
 11979 | D:10     | Entered Level 10 of the Dungeon
 12016 | D:10     | Found a flagged portal.
 12036 | Bailey   | Entered a bailey
 12194 | Bailey   | Reached skill level 5 in Fighting
 12777 | Bailey   | Found the +3 warlock's mirror {reflect}
 12778 | Bailey   | Found a bloodstained altar of Trog.
 12973 | D:10     | Found a shimmering blue altar of Sif Muna.
 13252 | D:10     | Found an iron altar of Okawaru.
 13395 | D:10     | Reached skill level 5 in Armour
 14170 | D:11     | Noticed a two-headed ogre
 14179 | D:11     | Killed a two-headed ogre
 14242 | D:11     | Found a staircase to the Lair.
 14656 | D:11     | Noticed Fannar
 14670 | D:11     | Killed Fannar
 15009 | D:11     | Found Ykhlucs's Assorted Antiques.
 15324 | D:12     | Reached XP level 12. HP: 72/100 MP: 11/11
 15526 | D:12     | Found a transporter.
 15528 | D:12     | Noticed a yaktaur captain
 15528 | D:12     | Noticed a deep elf annihilator
 15528 | D:12     | Noticed Tam More's ghost (novice MiFi)
 15529 | D:12     | Found a transporter.
 15529 | D:12     | Noticed a centaur warrior
 15533 | D:12     | Identified the ring "Kacseypt" {rElec rC- Will+++ rCorr
                  | Str+6}
 15607 | D:12     | Found a portal to a secret trove of treasure.
 15716 | D:12     | Reached ***** piety under Trog
 15795 | D:12     | Noticed a two-headed ogre
 15796 | D:12     | Noticed a two-headed ogre
 15808 | D:12     | Killed a two-headed ogre
 15812 | D:12     | Killed a two-headed ogre
 15813 | D:12     | Reached skill level 5 in Dodging
 17432 | D:12     | Noticed a tengu reaver
 17450 | D:12     | Killed from afar by a tengu reaver

Illustrated notes

Levels and vault maps discovered:
D:1:      dpeg_arrival_more_subterranean_lakeside_camping, layout_loops_ring,
          hellmonk_ecumenical_altar_leap_of_faith,
          amcnicky_mini_corridor_feature
D:2:      layout_basic, basic_altar, uniq_natasha
D:3:      layout_loops_ring, uniq_robin, uniq_grinder
D:4:      layout_loops_ring, uniq_sigmund
D:5:      layout_layer_cave, serial_shops, nicolae_shop_advertising_works
          [nicolae_subvault_shop_adworks]
D:6:      black_bear_nest_1, layout_loops_cross,
          minmay_temple_entry_antechambers
D:7:      layout_basic, biasface_ghost_orc_armoury, nicolae_ossuary_entry_giza,
          hangedman_minor_gate_pass, uniq_menkaure, uniq_pikel
D:8:      layout_gridville, serial_shops, nicolae_shop_behind_doors,
          dk_noncrumbling_2, uniq_gastronok
D:9:      layout_long_grid, mainiacjoe_overflow_small_starburst,
          nicolae_vehumet_radiance, minmay_orc_entry_guard_dogs, moated_statue,
          minmay_chambers_of_fives, uniq_joseph
D:10:     layout_roguey, mainiacjoe_overflow_concentric_impassable,
          kennysheep_orc_sif_temple, enter_bailey_5
D:11:     layout_stronghold, david_lair_generic, serial_shops, shop, uniq_fannar
D:12:     minmay_tearing_corner, layout_loops_ring,
          nicolae_trove_entry_diagonal, gammafunk_ghost_arena

Skill      XL: |  1  2  3  4  5  6  7  8  9 10 11 12 |
---------------+-------------------------------------+-----
Axes           | 4 5 6 7 8 9 11 14 17 19 20 | 20.2
Fighting       | 7 9 |  9.2
Armour         | 6 8 |  8.9
Evocations     | 3 4 |  4.2
Dodging        | 4 5 |  5.7

Action                   |  1- 3 |  4- 6 |  7- 9 | 10-12 || total
-------------------------+-------+-------+-------+-------++-------
Melee: Hand axe          |    91 |    87 |    33 |       ||   211
       Headbutt          |    16 |    22 |    33 |   108 ||   179
       Punch             |     1 |     3 |     4 |     7 ||    15
       War axe           |       |       |   170 |   511 ||   681
       Broad axe         |       |       |       |    26 ||    26
Invok: Berserk           |       |     2 |     1 |     9 ||    12
       Trog's Hand       |       |       |       |     5 ||     5
       Brothers in Arms  |       |       |       |     4 ||     4
  Use: Scroll            |       |       |     6 |    15 ||    21
       Potion            |       |       |       |     6 ||     6
Armor: Animal skin       |     3 |       |       |       ||     3
       Ring mail         |    26 |    25 |    25 |       ||    76
       Chain mail        |       |       |    27 |       ||    27
       Plate armour      |       |       |       |   261 ||   261
Dodge: Dodged            |    49 |    51 |   104 |   222 ||   426

Table legend: (Time is in decaauts)
 A = Elapsed time spent in this place.
 B = Non-inter-level travel time spent in this place.
 C = Inter-level travel time spent in this place.
 D = Time resting spent in this place.
 E = Time spent auto-exploring this place.
 F = Levels seen in this place.
 G = Mean time per level.
                   A        B        C        D        E       F      G
               +--------+--------+--------+--------+--------+-----+--------+
         Total |  17368 |  16962 |    406 |   5059 |   9828 |  13 | 1336.0 |
       Dungeon |  16535 |  16129 |    406 |   4512 |   9698 |  12 | 1377.9 |
        Bailey |    832 |    832 |      0 |    546 |    130 |   1 |  832.0 |
               +--------+--------+--------+--------+--------+-----+--------+

Top non-repeatable levels by time:
     D:7: 2224 daAuts
    D:12: 2141 daAuts
     D:9: 2119 daAuts
    D:11: 1387 daAuts
     D:5: 1330 daAuts
     D:6: 1313 daAuts
     D:3: 1192 daAuts
    D:10: 1087 daAuts
     D:2: 1071 daAuts
     D:8: 967 daAuts
     D:4: 931 daAuts
  Bailey: 832 daAuts
     D:1: 770 daAuts
